 Dungeon Crawl Stone Soup version 0.28-a0-664-gc179e30c89 (webtiles) character file.

Game seed: 13031657350319089770

212 bande the Covered (level 5, -9/33 HPs)
             Began as a Gargoyle Fighter on Oct 17, 2021.
             Mangled by Crazy Yiuf (14 damage)
             ... on level 3 of the Dungeon.
             The game lasted 00:03:23 (3408 turns).

bande the Covered (Gargoyle Fighter)                Turns: 3408, Time: 00:03:23

Health: -9/33      AC: 11    Str: 20    XL:     5   Next: 89%
Magic:  5/5        EV:  9    Int:  9    God:
Gold:   116        SH:  4    Dex:  9    Spells: 4/4 levels left

rFire   . . .      SeeInvis .   a - +0 war axe
rCold   . . .      Faith    .   c - +0 buckler
rNeg    + . .      Spirit   .   b - +0 scale mail
rPois   ∞          Reflect  .   (no helmet)
rElec   +          Harm     .   (no cloak)
rCorr   .          Rampage  .   (no gloves)
Will    .....                   (no boots)
Stlth   ..........              (no amulet)
HPRegen 0.11/turn               (no ring)
MPRegen 0.09/turn               (no ring)

@: no status effects
A: sickness immunity, AC +4, negative energy resistance 1, electricity
resistance, torment resistance 1, petrification resistance
a: no special abilities


You were on level 3 of the Dungeon.
You visited 1 branch of the dungeon, and saw 3 of its levels.

You collected 116 gold pieces.

Inventory:

Hand Weapons
 a - a +0 war axe (weapon)
Armour
 b - a +0 scale mail (worn)
 c - a +0 buckler (worn)
Scrolls
 k - a scroll of enchant weapon {unknown}
 l - 2 scrolls of teleportation
Potions
 d - a potion of might
 e - 2 potions of lignification {unknown}
 f - a potion of magic
 g - a potion of brilliance
 h - 2 potions of invisibility
 i - a potion of berserk rage
 j - a potion of heal wounds {unknown}


   Skills:
 + Level 4.2 Fighting
 + Level 3.7 Axes
 + Level 4.3 Armour
 + Level 4.0 Shields


You had 4 spell levels left.
You didn't know any spells.
Your spell library was empty.

Dungeon Overview and Level Annotations

Branches:
Dungeon (3/15)

Altars:
Hepliaklqana
Trog

Shops:
D:2 (

Annotations:
D:3 Crazy Yiuf


Innate Abilities, Weirdness & Mutations

You are immune to sickness and miasma.
Your stone body is resilient. (AC +4)
You are immune to poison.
You resist negative energy. (rN+)
You are resistant to electric shocks. (rElec)
You are resistant to unholy torment.
You are immune to petrification.


Message History

HP restored.
You see here the felid corpse of Natasha.
Found a short sword.
There is a stone staircase leading down here.
You now have 116 gold pieces (gained 11).
k - a scroll labelled NEEVO YDAE
l - a scroll of teleportation
e - 2 dark potions (gained 1)
l - 2 scrolls of teleportation (gained 1) As you open the door, it creaks loudly!
Found a mace.
Found a mace.
You see here a +0 mace.
Found four maces.
Found a runed translucent door.
Found a mace.
Crazy Yiuf shouts!
You see here a +0 mace.
Crazy Yiuf says, "Lay!
Proton head sing."
You see here a +0 mace.
Found a glowing mace.
As you open the door, it creaks loudly!
You hit Crazy Yiuf but do no damage. Crazy Yiuf hits you but does no damage.
Crazy Yiuf says, "Orb!
Ten leg Hive."
Crazy Yiuf hits you with a +4 quarterstaff of chaos!
You hit Crazy Yiuf but do no damage.
Crazy Yiuf hits you with a +4 quarterstaff of chaos!
Crazy Yiuf freezes you.
You hit Crazy Yiuf but do no damage. You block Crazy Yiuf's attack.
Crazy Yiuf barely misses you.
You hit Crazy Yiuf but do no damage.
Crazy Yiuf hits you with a +4 quarterstaff of chaos!
* * * LOW HITPOINT WARNING * * *
Crazy Yiuf freezes you.
* * * LOW HITPOINT WARNING * * *
You closely miss Crazy Yiuf.
Crazy Yiuf flaps his cloak.
You block Crazy Yiuf's attack.
You barely miss Crazy Yiuf. Crazy Yiuf closely misses you.
Crazy Yiuf hits you with a +4 quarterstaff of chaos!
You die...

##.# #....#####..##**,,,*
##.####....# #....# *,***
..........## #....# *,*
###.#####.# ##..)# *,*
..†>....#.# ##)## *,*
..†.....#.#* ##.# *,*
.##........* #)## *,*
.#..<..##.#* ##)# *,*
.#.....#*.# #@## *,*
##.....##.# *#g#* *,*
.#..##..#.# *...* *,*
.#...#..#.# #)))# *,*
.#.#.#..#.# #)..# *,*
.#.*)#....# ##### *,*
.#,,,#.#..# *,* .#####.#..###
###**********
.......#..#.######.#,,,,,,,,<*


You could see Crazy Yiuf.

Vanquished Creatures
  Jessica (D:3)
  Natasha (thrice) (D:3)
  A scorpion zombie (D:3)
  3 adders
  A dart slug (D:3)
  3 ball pythons (D:2)
  8 endoplasms
  3 giant cockroaches
  4 goblins
  2 hobgoblins
  8 quokkas
  6 bats
  2 frilled lizards (D:2)
  8 kobolds
  5 rats
58 creatures vanquished.

Notes
Turn   | Place    | Note
-------+----------+-------------------------------------------
     0 | D:1      | bande the Gargoyle Fighter began the quest for the Orb.
     0 | D:1      | Reached XP level 1. HP: 14/14 MP: 1/1
   382 | D:1      | Reached XP level 2. HP: 15/19 MP: 2/2
   611 | D:1      | Found a faded altar of an unknown god.
  1232 | D:2      | Found a bloodstained altar of Trog.
  1246 | D:2      | Reached XP level 3. HP: 23/23 MP: 3/3
  1508 | D:2      | Found Qefor's Weapon Emporium.
  1952 | D:2      | Reached XP level 4. HP: 8/29 MP: 4/4
  2356 | D:3      | Noticed Natasha
  2365 | D:3      | Killed Natasha
  2619 | D:3      | Reached XP level 5. HP: 10/33 MP: 5/5
  2889 | D:3      | Noticed Jessica
  2894 | D:3      | Found a hazy altar of Hepliaklqana.
  2908 | D:3      | Killed Jessica
  2982 | D:3      | Noticed Natasha
  2993 | D:3      | Killed Natasha
  3338 | D:3      | Noticed Natasha
  3343 | D:3      | Killed Natasha
  3398 | D:3      | Found a runed translucent door.
  3399 | D:3      | Noticed Crazy Yiuf
  3408 | D:3      | Mangled by Crazy Yiuf

Illustrated notes

Levels and vault maps discovered:
D:1:      zelgadis_glass_arrival_small, layout_loops_ring,
          shapermc_ecumenical_altar_venn
D:2:      layout_basic, basic_altar, serial_shops, shop, minivault_11,
          minmay_misc_feat_cross, minmay_vboxes
D:3:      layout_basic, worldfamousw_hep_ancestral_shrine, uniq_jessica,
          uniq_natasha, uniq_crazy_yiuf_cottage

Skill      XL: |  1  2  3  4  5 |
---------------+----------------+-----
Axes           | 2 3 |  3.7
Fighting       | 4 |  4.2
Armour         | 4 |  4.3
Shields        | 4 |  4.0

Action                   |  1- 3 |  4- 6 || total
-------------------------+-------+-------++-------
Melee: War axe           |   116 |    61 ||   177
  Use: Scroll            |     4 |     3 ||     7
Armor: Scale mail        |    77 |    34 ||   111
Dodge: Dodged            |    62 |    26 ||    88
Block: Buckler           |    31 |    13 ||    44

Table legend: (Time is in decaauts)
 A = Elapsed time spent in this place.
 B = Non-inter-level travel time spent in this place.
 C = Inter-level travel time spent in this place.
 D = Time resting spent in this place.
 E = Time spent auto-exploring this place.
 F = Levels seen in this place.
 G = Mean time per level.
                   A        B        C        D        E       F      G
               +--------+--------+--------+--------+--------+-----+--------+
         Total |   3476 |   3454 |     22 |    960 |   1981 |   3 | 1158.7 |
       Dungeon |   3476 |   3454 |     22 |    960 |   1981 |   3 | 1158.7 |
               +--------+--------+--------+--------+--------+-----+--------+

Top non-repeatable levels by time:
     D:1: 1256 daAuts
     D:2: 1116 daAuts
     D:3: 1103 daAuts
